 Dungeon Crawl Stone Soup version 0.31-a0-971-g75a2e9a4b4 (webtiles) character file.

Game seed: 11992815278409199541

58 BinkBink the Ruffian (level 4, -1/29 HPs)
             Began as an Octopode Shapeshifter on Oct 28, 2023.
             Slain by a gnoll
             ... wielding a +0 flail
              (7 damage)
             ... on level 3 of the Dungeon.
             The game lasted 00:01:51 (1207 turns).

BinkBink the Ruffian (Octopode Shapeshifter)        Turns: 1207, Time: 00:01:52

Health: -1/29      AC:  1    Str: 15    XL:     4   Next: 1%
Magic:  4/4        EV: 13    Int: 12    God:
Gold:   126        SH:  0    Dex: 11    Spells: 3/3 levels left

rFire   . .          .
                       - Unarmed
rCold   . . .        (no shield)
rNeg    . . .        (helmet currently unavailable)
rPois   .            k - amulet of regeneration
rElec   .            (no ring)
rCorr   .            (no ring)
SInv    .            (no ring)
Will    .....        (no ring)
Stlth   ++           (no ring)
HPRegen 1.04/turn    (no ring)
MPRegen 0.09/turn    (no ring)
                     (no ring)

%: no passive effects
@: beast-form
A: beast (slay +1), almost no armour, amphibious, 8 rings, camouflage 1,
gelatinous body 1, (nimble swimmer 1), tentacles
a: Begin Untransformation


You were on level 3 of the Dungeon.
You were a hulking beast.
You visited 1 branch of the dungeon, and saw 3 of its levels.

You collected 126 gold pieces.

Inventory:

Jewellery
 k - an amulet of regeneration (around mantle)
Talismans
 b - a beast talisman (active)
 c - a flux talisman
 j - a talisman of death
Scrolls
 d - 2 scrolls of silence {unknown}
 e - a scroll of amnesia {unknown}
 g - a scroll of immolation {unknown}
 h - 3 scrolls of teleportation {unknown}
 l - a scroll of identify {unknown}
 m - a scroll of enchant armour {unknown}
Potions
 a - a potion of lignification
 f - 7 potions of curing {unknown}
 i - 2 potions of berserk rage {unknown}


   Skills:
 + Level 1.7 Fighting
 + Level 2.5 Dodging
 * Level 3.7 Unarmed Combat
 + Level 3.3 Shapeshifting


You had 3 spell levels left.
You didn't know any spells.
Your spell library contained the following spells:

 Spells                   Type           Power      Damage    Failure   Level
 Passage of Golubria      Tloc           0%         N/A       97%         4
 Silence                  Hex/Air        0%         N/A       100%        5
 Lehudib's Crystal Spear  Conj/Erth      0%         10d2      100%        8


Dungeon Overview and Level Annotations

Branches:
Dungeon (3/15)

Altars:

Shops:
D:3 (


Innate Abilities, Weirdness & Mutations

You are a hulking beast.
Your limbs bulge with bestial killing power. (Slay +1)
You cannot wear most types of armour.
You are amphibious.
You can wear up to eight rings at the same time.
Your skin changes colour to match your surroundings (Stealth+).
Your rubbery body absorbs attacks. (AC +1, EV +1)
((You are camouflaged when in or above water. (Stealth+)))
You have tentacles for arms and can constrict up to eight enemies at once.


Message History

You have 8 tentacles available for constriction.
Your movement speed is average.
Your attack delay is about 0.9.
Your damage rating with unarmed combat is about 7 (Base [3 + 3 (UC)] x 112% (Str) x 102% (Fight) + 1 (Slay)).
Unknown command.
There is a stone staircase leading down here.
You climb downwards.
The orc shouts!
There is a stone staircase leading up here.
An orc is nearby!
The orc hits you with a +0 mace.
You bludgeon the orc!
You kill the orc!
You have reached level 4!
HP restored.
Found Ful Jalo's Weapon Emporium.
You enter the deep water.
A gnoll comes into view. It is wielding a +0 flail.
There is an entrance to Ful Jalo's Weapon Emporium here.
A gnoll is nearby!
A gnoll is nearby!
You enter the deep water.
A gnoll comes into view. It is wielding a +0 flail.
A gnoll and a hobgoblin come into view.
Found a pair of boots.
Found 9 gold pieces.
The gnoll shouts!
The gnoll shouts!
You tentacle-slap the gnoll but do no damage.
You grab the gnoll. You constrict the gnoll. The gnoll completely misses you.
You tentacle-slap the gnoll but do no damage.
You squeeze the gnoll.
The gnoll is moderately wounded.
You constrict the gnoll. The gnoll hits you with a +0 flail! x2
You release your grip on the gnoll.
The hobgoblin attacks as it pursues you!
The hobgoblin misses you. The gnoll attacks as it pursues you!
The gnoll hits you with a +0 flail.
* * * LOW HITPOINT WARNING * * *
The gnoll attacks as it pursues you! The gnoll hits you with a +0 flail!
You die...

#.###.# ....#####
..#..
.........#####.#.#
.......##.#...#...#
........#.~.~.##..#
........#≈~.≈≈....##
..[......≈~∩~≈##...#
.........≈≈≈≈≈####.##
.$.....ggh≈≈≈## #..#
.........g..#######.#
.......g.........##.#
....................#
....................#
....................#
#...##...........)..#
#... #....######....#
#.© #..### #....#


You could see 3 gnolls and a hobgoblin.

Vanquished Creatures
  An adder (D:2)
  A worm (D:2)
  A dart slug (D:2)
  2 orcs
  An endoplasm (D:1)
  A giant cockroach (D:1)
  8 goblins
  3 hobgoblins
  3 quokkas (D:2)
  4 ball pythons
  3 bats (D:1)
  5 frilled lizards
  3 kobolds (D:1)
  4 rats
40 creatures vanquished.

Notes
Turn   | Place    | Note
-------+----------+-------------------------------------------
     0 | D:1      | BinkBink the Octopode Shapeshifter began the quest for the
                  | Orb.
     0 | D:1      | Reached XP level 1. HP: 13/13 MP: 1/1
   102 | D:1      | Reached XP level 2. HP: 18/18 MP: 2/2
   588 | D:2      | Reached XP level 3. HP: 23/23 MP: 3/3
  1181 | D:3      | Reached XP level 4. HP: 28/29 MP: 4/4
  1194 | D:3      | Found Ful Jalo's Weapon Emporium.
  1207 | D:3      | Slain by a gnoll

Illustrated notes

Levels and vault maps discovered:
D:1:      minmay_arrival_open_corners, layout_rooms, minmay_stone_trees_small,
          amcnicky_mini_corridor_feature
D:2:      layout_rooms, serial_forest, infiniplex_forest_lined_room_3,
          infiniplex_forest_clump_long, infiniplex_forest_straight_2,
          infiniplex_forest_clump_medium, infiniplex_forest_clump_tiny,
          infiniplex_forest_lined_corner, infiniplex_forest_lined_2,
          infiniplex_forest_clump_long, minmay_ruptured
D:3:      layout_rooms, mainiacjoe_overflow_alcove_2,
          nicolae_tso_besieged_by_evil, serial_shops,
          nicolae_shop_bloodbath_and_beyond, shop, nicolae_shop_drivethru,
          nicolae_shop_waterfront, uniq_terence

Action                     |  1- 3 |  4- 6 || total
---------------------------+-------+-------++-------
  Melee: Unarmed           |    72 |     2 ||    74
         Constrict         |    19 |     1 ||    20
         Tentacles         |    16 |     1 ||    17
         Punch             |     2 |       ||     2
   Stab: Sleeping          |     7 |       ||     7
 Armour: Skin              |    26 |     4 ||    30
  Dodge: Dodged            |    27 |     2 ||    29
   Form: Beast             |     1 |       ||     1

Table legend: (Time is in decaauts)
 A = Elapsed time spent in this place.
 B = Non-inter-level travel time spent in this place.
 C = Inter-level travel time spent in this place.
 D = Time resting spent in this place.
 E = Time spent auto-exploring this place.
 F = Levels seen in this place.
 G = Mean time per level.
                   A        B        C        D        E       F      G
               +--------+--------+--------+--------+--------+-----+--------+
         Total |   1201 |   1127 |     74 |      0 |    895 |   3 |  400.3 |
       Dungeon |   1201 |   1127 |     74 |      0 |    895 |   3 |  400.3 |
               +--------+--------+--------+--------+--------+-----+--------+

Top non-repeatable levels by time:
     D:2: 594 daAuts
     D:1: 576 daAuts
     D:3: 30 daAuts
